 Dungeon Crawl Stone Soup version 0.22.1-5-g62c59d9 (webtiles) character file.

65 Haldmier the Chiller (level 4, -2/30 HPs)
             Began as a Merfolk Ice Elementalist on Jan 9, 2019.
             Slain by an ogre
             ... wielding a +0 giant spiked club
              (4 damage)
             ... on level 2 of the Dungeon.
             The game lasted 00:06:21 (1737 turns).

Haldmier the Chiller (Merfolk Ice Elementalist)     Turns: 1737, Time: 00:06:21

Health: -2/30      AC:  2    Str:  8    XL:     4   Next: 14%
Magic:  7/7        EV: 13    Int: 15    God:
Gold:   44         SH:  0    Dex: 14    Spells: 6/7 levels left

rFire    . . .     SeeInvis .   b - +1 mace (holy)
rCold    . . .     Gourm    .   (no shield)
rNeg     . . .     Faith    .   a - +0 robe
rPois    .         Spirit   .   (no helmet)
rElec    .         Reflect  .   (no cloak)
rCorr    .         Harm     .   (no gloves)
MR       .....                  (no boots)
Stlth    ++........             (no amulet)
HPRegen  0.10/turn              (no ring)
MPRegen  0.10/turn              (no ring)

@: no status effects
A: change form in water, swift swim, stealthy swim
a: no special abilities


You were on level 2 of the Dungeon.
You were not hungry.

You visited 1 branch of the dungeon, and saw 2 of its levels.

You collected 44 gold pieces.

Inventory:

Hand Weapons
 b - a +1 mace of holy wrath (weapon)
 d - a +0 spear
 g - a +0 hunting sling
Armour
 a - a +0 robe (worn)
Scrolls
 e - a scroll of teleportation {unknown}
 h - 4 scrolls of identify {unknown}
 j - a scroll of blinking {unknown}
Potions
 f - 2 potions of ambrosia {unknown}
 i - a potion of flight {unknown}
Comestibles
 c - 2 rations


   Skills:
 + Level 3.4 Dodging
 + Level 3.0 Stealth
 + Level 2.4 Spellcasting
   Level 0.7 Conjurations
 * Level 4.2 Ice Magic


You had 6 spell levels left.
You knew the following spells:

 Your Spells              Type           Power        Failure   Level  Hunger
a - Freeze                Ice            ##..         3%          1    #......

Your spell library contained the following spells:

 Spells                   Type           Power        Failure   Level  Hunger
 Throw Frost              Conj/Ice       #.....       12%         2    ###....
 Ozocubu's Armour         Chrm/Ice       #.......     26%         3    ###....
 Throw Icicle             Conj/Ice       #.......     58%         4    #####..
 Summon Ice Beast         Ice/Summ       #.......     65%         4    #####..


Dungeon Overview and Level Annotations

Branches:
Dungeon (2/15)

Altars:
Ru

Annotations:
D:2 Sigmund


Message History

You freeze Jessica.
You kill Jessica!
Your Stealth skill increases to level 3!
You have reached level 4!
Your magical contamination has completely faded away.
h - 4 scrolls labeled SENESI FEDGHENGEGAF (gained 2)
You now have 44 gold pieces (gained 9).
Things that are here:
a dagger; a robe You start resting.
Magic restored.
Things that are here:
a short sword; a kobold skeleton x2
There is an open door here.
The ogre shouts!
The ogre hits you with a giant spiked club!!
Ouch! That really hurt!
* * * LOW HITPOINT WARNING * * *
The ogre hits you with a giant spiked club.
You die...

....#######
..........$#
.......[...#
...$......#
..........# #.......#
####.......#### #
.......O...'..# #. #
#######.@...##.#
#O#.#..≈≈≈..#....##.#
#.l#.!≈...≈..#...##)#
#.#...≈._.≈..†#..##.#
#.#..≈...≈..#.####.###
#.#..≈≈≈..#†## #.)<#
##.#######.##########
##.(.............
##.......#######


You could see an ogre.

Vanquished Creatures
  Jessica (D:2)
  An adder (D:2)
  3 dart slugs (D:1)
  A ball python (D:1)
  4 bats (D:1)
  A giant cockroach (D:1)
  A hobgoblin (D:1)
  3 jackals (D:1)
  A quokka (D:2)
  2 frilled lizards
  2 goblins (D:1)
  5 kobolds
  2 rats (D:1)
  A bush (D:1)
  A plant (D:1)
29 creatures vanquished.

Notes
Turn   | Place    | Note
-------+----------+-------------------------------------------
     0 | D:1      | Haldmier the Merfolk Ice Elementalist began the quest for
                  | the Orb.
     0 | D:1      | Reached XP level 1. HP: 13/13 MP: 3/3
   293 | D:1      | Reached XP level 2. HP: 19/19 MP: 1/5
   829 | D:1      | Reached XP level 3. HP: 24/24 MP: 0/6
  1357 | D:2      | Noticed Sigmund
  1454 | D:2      | Noticed Jessica
  1505 | D:2      | Found a sacrificial altar of Ru.
  1519 | D:2      | Reached skill level 4 in Ice Magic
  1634 | D:2      | Noticed an ogre
  1673 | D:2      | Killed Jessica
  1673 | D:2      | Reached XP level 4. HP: 30/30 MP: 1/7
  1737 | D:2      | Slain by an ogre

Skill      XL: |  1  2  3 |
---------------+----------+-----
Dodging        | 3 |  3.4
Ice Magic      | 4 |  4.2
Stealth        | 3 |  3.0
Spellcasting   | |  2.4
Conjurations   | |  0.7

Action                   |  1- 3 |  4- 6 || total
-------------------------+-------+-------++-------
Melee: Mace              |   184 |       ||   184
 Cast: Freeze            |    45 |     1 ||    46
 Stab: Sleeping          |     1 |       ||     1
  Eat: Ration            |     1 |       ||     1
       Chunk             |     1 |       ||     1
Armor: Robe              |    11 |       ||    11
Dodge: Dodged            |    41 |       ||    41
